Map: Frost LE

Players

Mindele - Winner!

  • Race: Terran Terran
  • League: Bronze

Lajoint

  • Race: Protoss Protoss
  • League: Bronze

VOD

Have the link to the VOD?

Description

Time

  • Played on: May 27, 2016, 7:08 p.m.
  • Length: 5:58
Show
View Real Time Build Order
Export as new Build Order

Mindele Terran - Winner!

Build Orders:  

Get SALT Encoding   

  12  0:01  SCV  
  13  0:13  SCV  
  14  0:17  Supply Depot  
  14  0:25  SCV  
  15  0:39  SCV  
  15  0:40  Barracks  
  16  0:51  SCV  
  16  0:56  Barracks  
  17  1:03  SCV  
  18  1:15  Barracks  
  18  1:16  SCV  
  19  1:28  SCV, Marine  
  21  1:36  Supply Depot  
  21  1:43  Orbital Command  
  21  1:49  Marine  
  21  1:51  Marine  
  23  2:02  Barracks  
  23  2:05  Marine  
  24  2:16  Supply Depot  
  24  2:17  Marine  
  24  2:18  Marine  
  26  2:24  Marine  
  27  2:35  Barracks  
  27  2:37  Marine  
  27  2:38  Marine  
  27  2:43  Marine, Supply Depot  
  30  2:50  Marine  
  31  2:55  Refinery  
  31  2:57  Refinery, Marine  
  32  2:59  Marine  
  32  3:04  SCV  
  32  3:05  Marine  
  35  3:14  Marine, Supply Depot  
  35  3:19  Marine  
  37  3:26  Marine x2  
  39  3:36  Marine x2  
  39  3:37  Marine  
  42  3:45  Supply Depot  
  41  3:50  Marine x2  
  43  3:57  Marine x2  
  43  3:59  Marine  
  46  4:08  Marine x2  
  45  4:14  Marine  
  45  4:15  Marine  
  47  4:25  Marine  
  47  4:26  Marine x2  
  49  4:32  Marine  
  49  4:33  Marine  
  40  4:42  Marine  
  40  4:46  Marine x2  
  42  4:56  Marine x2  
  44  5:00  Marine  
  44  5:04  Marine x2  
  45  5:14  Marine x2  
  45  5:18  Marine  
  47  5:22  Marine x2  
  48  5:32  Marine x2  
Show
View Real Time Build Order
Export as new Build Order

Lajoint Protoss 

Build Orders:  

Get SALT Encoding   

  12  0:06  Probe (Chrono Boost)  
  13  0:17  Probe (Chrono Boost)  
  14  0:26  Pylon  
  14  0:27  Probe (Chrono Boost)  
  15  0:44  Probe (Chrono Boost)  
  16  0:54  Probe (Chrono Boost), Gateway  
  17  0:59  Forge  
  17  1:07  Pylon  
  17  1:15  Pylon  
  17  1:40  Pylon  
  17  1:41  Probe (Chrono Boost)  
  18  1:52  Probe (Chrono Boost)  
  18  1:54  Assimilator  
  19  2:01  Cybernetics Core  
  19  2:02  Probe (Chrono Boost)  
  19  2:05  Zealot  
  22  2:13  Probe (Chrono Boost)  
  23  2:23  Probe (Chrono Boost)  
  23  2:24  Pylon  
  24  2:33  Assimilator  
  24  2:49  Stalker  
  26  3:16  Photon Cannon  
  28  3:20  Zealot  
  28  3:30  Photon Cannon  
  28  3:39  Nexus  
  28  3:46  Pylon  
  28  3:47  Zealot  
  30  4:00  Photon Cannon  
  30  4:11  Stargate  
  30  4:14  Zealot  
  19  4:41  Zealot  
  17  4:57  Void Ray (Chrono Boost)  
Tags
 
Add a new tag
Caveats
  • Supply blocks, unpowered buildings, or Contaminate may cause inaccurate times.
  • Supply counts are checked every 10 seconds.